 Dungeon Crawl Stone Soup version 0.31-a0-963-ga325b2283a (webtiles) character file.

Game seed: 10766371077252421403

30 Xavori the Trooper (level 3, -1/30 HPs)
             Began as a Djinni Chaos Knight on Oct 24, 2023.
             Was a Plaything of Xom.
             Slain by a gnoll
             ... wielding a +0 club
              (2 damage)
             ... on level 1 of the Dungeon.
             The game lasted 00:00:46 (1157 turns).

Xavori the Trooper (Djinni Chaos Knight)            Turns: 1157, Time: 00:00:47

Health: -1/30      AC:  5    Str: 11    XL:     3   Next: 37%
Gold:   32         EV: 12    Int: 13    God:    Xom [.....*] SH:  0 Dex: 14

rFire   + + .        a - +0 falchion (chaos)
rCold   x . .        (no shield)
rNeg    . . .        b - +2 leather armour
rPois   ∞            (no helmet)
rElec   .            (no cloak)
rCorr   .            (no gloves)
SInv    .            (boots unavailable)
Will    .....        (no amulet)
Stlth   +            (no ring)
HPRegen 0.25/turn    (no ring)
MPRegen 0.00/turn

%: clarity, infuse magic (-2 HP)
@: flying
A: sickness immunity, fire resistance 2, cold vulnerability 1, float, innate
caster, HP casting, extra vitality 1, clarity
a: Renounce Religion


You were on level 1 of the Dungeon.
You worshipped Xom.
You were Xom's teddy bear.
You visited 1 branch of the dungeon, and saw 2 of its levels.

You collected 74 gold pieces.
You spent 42 gold pieces at shops.

Inventory:

Hand Weapons
 a - a +0 falchion of chaos (weapon)
Armour
 b - a +2 leather armour (worn)
Scrolls
 c - a scroll of butterflies
 d - a scroll of brand weapon {unknown}
 g - a scroll of fear {unknown}
Potions
 e - 2 potions of degeneration {unknown}
 f - 2 potions of curing
 h - a potion of heal wounds {unknown}


   Skills:
 + Level 3.2 Fighting
 + Level 2.9 Long Blades
 + Level 1.4 Armour
 + Level 2.5 Dodging
 * Level 0.8 Spellcasting
 * Level 0.8 Conjurations
 * Level 0.8 Hexes
   Level 0.0 Charms
 * Level 0.8 Summonings
 * Level 0.8 Necromancy
 * Level 0.8 Translocations
 * Level 0.8 Transmutations
 * Level 0.8 Fire Magic
 * Level 0.8 Ice Magic
 * Level 0.8 Air Magic
 * Level 0.8 Earth Magic
 * Level 0.8 Poison Magic


You knew the following spells:

 Your Spells              Type           Power      Damage    Failure   Level
a - Slow                  Hex            8%         N/A       26%         1
Your spell library was empty.

Dungeon Overview and Level Annotations

Branches:
Dungeon (2/15)

Altars:

Shops:
D:1 !


Innate Abilities, Weirdness & Mutations

You are immune to sickness and miasma.
You are immune to poison.
Your flesh is very heat resistant. (rF++)
You are vulnerable to cold. (rC-)
You float through the air rather than walking.
You learn spells naturally, not from books.
Your magical power is your life essence.
You have superior vitality. (+4 MHP)
You possess an exceptional clarity of mind.


Message History

No target in view!
Done exploring.
No target in view!
What level of the Dungeon? (default 1, ? - help)
There is a stone staircase leading down here.
You fly downwards.
The gnoll shouts!
You hear a shout! x2
Found a runed dagger.
Found a stone staircase leading up.
There is a stone staircase leading up here.
There are monsters nearby!
The gnoll shouts!
You fly upwards.
There is a stone staircase leading down here.
You fly downwards.
The gnoll shouts!
There is a stone staircase leading up here.
You hit the gnoll but do no damage.
The gnoll suddenly seems more agile.
The gnoll hits you with a +0 club!
You barely miss the gnoll. The gnoll hits you but does no damage.
You completely miss the gnoll. The gnoll hits you with a +0 club.
You hit the gnoll but do no damage.
The gnoll suddenly seems more resistant.
The gnoll closely misses you. x2
There is a stone staircase leading up here.
The gnoll hits you from afar with a +0 halberd!
You emit a cloud of colourful smoke!
You fly upwards.
There is a stone staircase leading down here.
You miss the gnoll. The gnoll barely misses you.
The gnoll hits you with a +0 club.
* * * LOW HITPOINT WARNING * * *
You hit the gnoll but do no damage. The gnoll barely misses you.
You hit the gnoll but do no damage. The gnoll hits you with a +0 club.
* * * LOW HITPOINT WARNING * * *
You barely miss the gnoll. The gnoll barely misses you.
You miss the gnoll. The gnoll hits you with a +0 club.
* * * LOW HITPOINT WARNING * * *
You closely miss the gnoll. The gnoll misses you.
You closely miss the gnoll. The gnoll hits you with a +0 club.
You die...

#.............####.#####.#
.................#.# #.#
......#####+#.##.#.### #.#
.................#...# #.#
.~♣♣♣♣♣♣♣♣♣~..#..###.# #.#
~~≈♣≈♣≈≈♣≈≈~~.#..# #.# #.#
♣♣~~~~~~~~~≈♣.##.# #.# #.#
♣≈~~~~~~~~~♣♣.##.# #.# #.#
♣≈~~~~<~~~~♣♣..g@# #.# #.#
♣≈~~~~~~~~~♣♣.##.# #.# #.#
♣≈~~~~~~~~~♣♣.##.# #.# #.#
~~≈♣≈♣♣≈≈≈♣~~.##.# #.###.#
.~♣♣♣♣♣♣♣♣♣~.....#
#.#...#####
####.#....###.##.#
#.#.......# ##...#.##.#
#.##.###.##.##.###
.....#.##.###........(..##.#
..)..#.##...............##.#


You could see a gnoll (agile, resistant).

Vanquished Creatures
  A dart slug (D:1)
  3 ball pythons (D:1)
  2 endoplasms (D:1)
  8 goblins (D:1)
  3 hobgoblins (D:1)
  A quokka (D:1)
  2 bats (D:1)
  2 frilled lizards (D:1)
  3 kobolds (D:1)
  A rat (D:1)
26 creatures vanquished.

Notes
Turn   | Place    | Note
-------+----------+-------------------------------------------
     0 | D:1      | Xavori the Djinni Chaos Knight began the quest for the Orb.
     0 | D:1      | Reached XP level 1. HP: 20/20 MP: 0/0
   287 | D:1      | Reached XP level 2. HP: 25/25 MP: 0/0
   311 | D:1      | XOM: noise
   414 | D:1      | Found Dogrea Pujau's Distillery.
   430 | D:1      | Bought a potion of curing for 42 gold pieces
   454 | D:1      | Reached XP level 3. HP: 30/30 MP: 0/0
   454 | D:1      | Learned a level 1 spell: Slow
   575 | D:1      | XOM: enchant monster (bad)
   941 | D:1      | XOM: silly message
  1095 | D:1      | XOM: give mutation
  1095 | D:1      | Gained mutation: You possess an exceptional clarity of
                  | mind. [Xom's grace]
  1149 | D:2      | XOM: smoke on damage
  1155 | D:1      | HP: 1/30 [gnoll/+0 club (4)]
  1157 | D:1      | Slain by a gnoll

Illustrated notes

Levels and vault maps discovered:
D:1:      reono_arrival_forest_river, layout_basic, serial_shops, shop,
          kennysheep_small_spiral
D:2:      layout_loops_ring, hellmonk_ecumenical_altar_blasted

Action                     || total
---------------------------++-------
  Melee: Falchion          ||    81
 Armour: Leather armour    ||    55
  Dodge: Dodged            ||    34

Table legend: (Time is in decaauts)
 A = Elapsed time spent in this place.
 B = Non-inter-level travel time spent in this place.
 C = Inter-level travel time spent in this place.
 D = Time resting spent in this place.
 E = Time spent auto-exploring this place.
 F = Levels seen in this place.
 G = Mean time per level.
                   A        B        C        D        E       F      G
               +--------+--------+--------+--------+--------+-----+--------+
         Total |   1171 |   1149 |     22 |    149 |    812 |   2 |  585.5 |
       Dungeon |   1171 |   1149 |     22 |    149 |    812 |   2 |  585.5 |
               +--------+--------+--------+--------+--------+-----+--------+

Top non-repeatable levels by time:
     D:1: 1160 daAuts
     D:2: 10 daAuts
